 Dungeon Crawl Stone Soup version 0.17-a0-470-g171ef40 (console) character file.

834 vogonpoet the Basher (level 7, -1/72 HPs)
             Began as an Ogre Hunter on Apr 7, 2015.
             Was a Believer of Makhleb.
             Slain by a worker ant (7 damage)
             ... on level 5 of the Dungeon.
             The game lasted 00:11:07 (5239 turns).

vogonpoet the Basher (Ogre Hunter)                  Turns: 5239, Time: 00:11:07

Health: -1/72      AC:  3    Str: 18    XL:     7   Next: 98%
Magic:  7/7        EV: 10    Int: 10    God:    Makhleb [**....]
Gold:   163        SH:  0    Dex: 12    Spells: 0 memorised, 6 levels left

rFire  . . .     SeeInvis .     F - +1 mace (holy)
rCold  . . .     Clarity  .     d - +0 animal skin
rNeg   . . .     SustAb   .     (no shield)
rPois  .         Gourm    .     (helmet restricted)
rElec  .         Spirit   .     (no cloak)
rCorr  .         Warding  .     (gloves unavailable)
rMut   .         Stasis   .     (boots unavailable)
MR     .....                    (no amulet)
Stlth  +.........               (no ring)
                                B - +4 ring of slaying

@: not resistant to hostile enchantments, very unstealthy
A: unfitting armour, tough skin 1
a: Minor Destruction, Renounce Religion


You were on level 5 of the Dungeon.
You worshipped Makhleb.
Makhleb was pleased with you.
You were not hungry.

You visited 1 branch of the dungeon, and saw 5 of its levels.

You collected 163 gold pieces.

Inventory:

Hand weapons
 x - a +0 giant spiked club
 C - a +0 mace
 F - a +1 mace of holy wrath (weapon)
Missiles
 b - 2 large rocks (quivered)
 c - 3 throwing nets
 h - 46 sling bullets
 i - 16 poisoned needles
 w - 7 javelins of penetration
Armour
 d - a +0 animal skin (worn)
Jewellery
 B - a +4 ring of slaying (left hand)
Magical devices
 v - a wand of flame (32)
Scrolls
 g - a scroll of enchant armour {unknown}
 j - 3 scrolls of remove curse {unknown}
 k - 2 scrolls of magic mapping {unknown}
 l - 2 scrolls of teleportation {unknown}
 o - 3 scrolls of identify {unknown}
 p - a scroll of immolation {unknown}
 u - a scroll of enchant weapon {unknown}
 y - a scroll of fog {unknown}
 A - a scroll of noise {unknown}
Potions
 r - 2 potions of brilliance {unknown}
 t - a potion of curing
 E - 2 potions of agility {unknown}
Comestibles
 a - a beef jerky
 f - 3 bread rations
 q - a meat ration
 s - 5 fruits
 z - 2 slices of pizza


   Skills:
 + Level 5.2 Fighting
 * Level 10.2 Maces & Flails
 - Level 4.3 Throwing
 - Level 1.7 Dodging
 - Level 0.7 Stealth


You had 6 spell levels left.
You didn't know any spells.

Dungeon Overview and Level Annotations

Branches:
Dungeon (5/15)
 Temple: D:4-7

Altars:
Elyvilon
Gozag
Makhleb
The Shining One


Innate Abilities, Weirdness & Mutations

You are too large for most types of armour.
You have tough skin (AC +1).


Message History

a dagger; a robe; 3 large rocks; a flail; an orc corpse The orc hits you.
* * * LOW HITPOINT WARNING * * *
Things that are here:
a hand axe; an orc corpse Drink which item? (? for menu, Esc to quit)
You feel better. The orc hits you.
* * * LOW HITPOINT WARNING * * *
The orc closely misses you.
Found a stone staircase leading down.
The orc hits you with a club.
* * * LOW HITPOINT WARNING * * *
Found 2 fuming brown potions.
A worker ant comes into view.
The worker ant twitches its antennae in your direction.
The orc hits you with a club.
* * * LOW HITPOINT WARNING * * *
The orc hits you but does no damage. The worker ant bites you!
You die...

................>.#...###.
................####.o...##
............o.### #.......
#.....!.o.#### ###.......
.###....o## #.........
##..#.....###### #.........
#........#####.## ##.........
..####...o.##.).###).........
##...oa@.....)..........
##.........<.#.........
##.......####........#
#.......# ##.....###
##......# ####### #....%.#
#......# #>.....# #.....##


You could see a worker ant and 2 orcs.

Vanquished Creatures
  Sigmund (D:4)
  The ghost of vogonpoet the Cudgeler, an average OgWr (D:3)
  An ogre (D:4)
  A crimson imp (D:4)
  A hound (D:2)
  2 orc priests
  2 orc wizards
  A giant frog skeleton (D:4)
  9 gnolls
  7 adders
  A worm (D:2)
  An adder skeleton (D:4)
  5 giant geckos
  An ooze (D:1)
  10 orcs
  A ball python (D:2)
  11 goblins
  11 hobgoblins
  11 jackals
  2 quokkas
  18 bats
  7 giant cockroaches
  6 giant newts
  9 kobolds
  14 rats
134 creatures vanquished.

Notes
Turn   | Place    | Note
--------------------------------------------------------------
     0 | D:1      | vogonpoet, the Ogre Hunter, began the quest for the Orb.
     0 | D:1      | Reached XP level 1. HP: 22/22 MP: 1/1
   292 | D:1      | Reached skill level 1 in Maces & Flails
   292 | D:1      | Reached XP level 2. HP: 20/31 MP: 2/2
   972 | D:1      | Reached XP level 3. HP: 37/37 MP: 3/3
  1111 | D:1      | You fall through a shaft!
  1824 | D:1      | Reached XP level 4. HP: 31/45 MP: 4/4
  2423 | D:2      | Reached skill level 5 in Maces & Flails
  2745 | D:2      | Reached XP level 5. HP: 48/53 MP: 5/5
  2821 | D:2      | Found a burning altar of Makhleb.
  2842 | D:2      | Reached skill level 6 in Maces & Flails
  2846 | D:2      | Became a worshipper of Makhleb the Destroyer
  3301 | D:3      | Noticed vogonpoet's ghost (average OgWr)
  3516 | D:3      | Found an opulent altar of Gozag.
  3519 | D:3      | Found a glowing golden altar of the Shining One.
  3536 | D:3      | Reached XP level 6. HP: 61/61 MP: 6/6
  3579 | D:3      | Acquired Makhleb's first power
  3602 | D:3      | Reached skill level 7 in Maces & Flails
  3681 | D:3      | Killed vogonpoet's ghost
  3891 | D:3      | Reached skill level 8 in Maces & Flails
  4213 | D:3      | Found a white marble altar of Elyvilon.
  4323 | D:4      | Acquired Makhleb's second power
  4323 | D:4      | Reached XP level 7. HP: 69/71 MP: 7/7
  4478 | D:4      | Noticed Sigmund
  4480 | D:4      | Killed Sigmund
  4480 | D:4      | Reached skill level 5 in Fighting
  4480 | D:4      | Reached skill level 9 in Maces & Flails
  4895 | D:5      | Entered Level 5 of the Dungeon
  5178 | D:5      | Reached skill level 10 in Maces & Flails
  5210 | D:5      | HP: 3/72 [orc (2)]
  5239 | D:5      | Slain by a worker ant

Action                   |  1- 3 |  4- 6 |  7- 9 || total
-------------------------+-------+-------+-------++-------
Melee: Short sword       |    23 |       |       ||    23
       Club              |   180 |     3 |       ||   183
       Whip              |       |   285 |       ||   285
       Mace              |       |       |    69 ||    69
Throw: Large rock        |     3 |    23 |     6 ||    32
       Javelin           |       |     2 |       ||     2
       Throwing net      |       |     1 |       ||     1
  Use: Potion            |       |       |     2 ||     2
 Stab: Sleeping          |     1 |     3 |       ||     4
  Eat: Chunk             |     3 |     8 |     3 ||    14
